 Dungeon Crawl Stone Soup version 0.14-a0-3345-g9255d23 (webtiles) character file.

523 Lancroian the Ruffian (level 6, -2/57 HPs)
             Began as a Naga Monk on Mar 17, 2014.
             Was a Believer of Cheibriados.
             Slain by Sigmund
             ... wielding a +1,+4 vampiric scythe
              (5 damage)
             ... on Level 5 of the Dungeon.
             The game lasted 00:18:09 (3847 turns).

Lancroian the Ruffian (Naga Monk)                   Turns: 3847, Time: 00:18:09

HP  -2/57        AC  6     Str 20      XL: 6   Next: 65%
MP  15/15        EV  9     Int 16      God: Cheibriados [**....]
Gold 164         SH  0     Dex 18      Spells:  0 memorised,  5 levels left

rFire  . . .     SeeInvis +       - Unarmed
rCold  . . .     Clarity  .     i - +1 ring mail
rNeg   . . .     Conserve .     (no shield)
rPois  +         rCorr    .     (no helmet)
rElec  .         rRot     .     (no cloak)
SustAb . .       Spirit   .     (no gloves)
rMut   .         Warding  .     (no barding)
Saprov . . .     Stasis   .     (no amulet)
MR     .....                    (no ring)
                                o - ring of magical power

@: confused, very slow, not resistant to hostile enchantments, extremely
unstealthy
A: spit poison, see invisible, deformed body, poison resistance, slowness 2, AC
+2
a: Spit Poison, Bend Time, Renounce Religion


You were on level 5 of the Dungeon.
You worshipped Cheibriados.
Cheibriados was pleased with you.
You were hungry.

You visited 2 branches of the dungeon, and saw 6 of its levels.

You collected 164 gold pieces.

Inventory:

Hand weapons
 u - a +0,+0 club
Missiles
 e - 61 darts (quivered)
 j - 2 darts of flame
Armour
 i - a +1 ring mail (worn)
Magical devices
 p - a wand of fire (3)
 s - a wand of digging (7)
Comestibles
 b - 4 bread rations
 h - an apple
 n - a meat ration
 t - a rotting chunk of orc flesh
Scrolls
 c - 5 scrolls of teleportation {unknown}
 d - 3 scrolls of noise {unknown}
 f - 4 scrolls of identify {unknown}
 k - 4 scrolls of remove curse {unknown}
 l - 2 scrolls of blinking {unknown}
 r - a scroll of enchant weapon I {unknown}
 v - a scroll of immolation {unknown}
 z - a scroll of amnesia {unknown}
Jewellery
 o - a ring of magical power (left hand)
Potions
 a - a potion of restore abilities
 g - a potion of might {unknown}
 m - a potion of lignification {unknown}
 q - a potion of brilliance {unknown}
 w - a potion of curing
 x - a potion of heal wounds {unknown}
Books
 y - a book of Conjurations

   Spells                             Type                      Level
   Magic Dart                         Conjuration                  1
   Searing Ray                        Conjuration                  2
   Dazzling Spray                     Conjuration/Hexes            3
   Fulminant Prism                    Conjuration/Hexes            4
   Iskenderun's Mystic Blast          Conjuration                  4
   Iskenderun's Battlesphere          Conjuration/Charms           5


   Skills:
 + Level 3.8 Fighting
 + Level 3.1 Armour
 + Level 2.4 Dodging
 - Level 3.0 Stealth
 - Level 6.0 Unarmed Combat
 + Level 0.2 Invocations


You had 5 spell levels left.
You didn't know any spells.

Dungeon Overview and Level Annotations

Branches:
Dungeon (5/15)             Temple (1/1) D:4

Altars:
Cheibriados
Dithmenos
Elyvilon
Nemelex Xobeh
Sif Muna
Vehumet
Zin
The Shining One

Annotations:
D:5 Sigmund


Innate Abilities, Weirdness & Mutations

You cannot wear boots.
You can spit poison.
Your serpentine skin is tough (AC +2).
You have supernaturally acute eyesight.
Armour fits poorly on your strangely shaped body.
Your system is resistant to poisons.
You cover ground very slowly.


Message History

You feel refreshed.
It was a potion of restore abilities.
Sigmund hits you with a vampiric scythe.
* * * LOW HITPOINT WARNING * * *
You're too confused!
Throwing (i - inventory. (,) - cycle):
e - 62 darts (quivered)
Press: ? - help, Shift-Dir - straight line, f/p - Sigmund
Aim: Sigmund, wielding a vampiric scythe and wearing a robe (severely wounded)
You throw a dart.
Sigmund hits you with a vampiric scythe.
* * * LOW HITPOINT WARNING * * *
Sigmund draws strength from your injuries!
You smell something rotten. (slot t) Ouch!
Ouch! You are feeling hungry.
Sigmund gestures wildly while chanting.
Sigmund flickers and vanishes for a moment.
Ouch!
Sigmund hits you with a vampiric scythe.
You die... #.. #.?.. #... #... #(. #oa

#r# # #@# ?#
#@# .# #.#####
.# #.....# .#
#####.# .#
#.####.#
#......#
#####).### ###
#####.###.###.#
#<....# #.....#


You could see Sigmund (invisible), a worker ant, an orc wizard and a quokka.

Vanquished Creatures
  An orc priest (D:3)
  2 orc wizards
  An iguana (D:4)
  3 worker ants
  A hound skeleton (D:4)
  6 adders
  2 worms
  An ooze (D:3)
  15 orcs
  6 giant cockroaches
  10 goblins
  12 hobgoblins
  3 jackals (D:5)
  12 kobolds
  2 quokkas
  A ball python (D:4)
  9 bats
  A giant cockroach zombie (D:5)
  4 giant geckos
  5 giant newts
  9 rats
106 creatures vanquished.

Notes
Turn   | Place    | Note
--------------------------------------------------------------
     0 | D:1      | Lancroian, the Naga Monk, began the quest for the Orb.
     0 | D:1      | Reached XP level 1. HP: 21/21 MP: 1/1
   266 | D:1      | Reached XP level 2. HP: 28/28 MP: 2/2
   993 | D:1      | Reached skill level 1 in Armour
   993 | D:1      | Reached XP level 3. HP: 26/34 MP: 3/3
  1439 | D:2      | Reached skill level 5 in Unarmed Combat
  1464 | D:2      | Reached XP level 4. HP: 42/42 MP: 4/4
  1998 | D:3      | Reached XP level 5. HP: 46/49 MP: 5/5
  2192 | D:3      | Found a glowing silver altar of Zin.
  2192 | D:3      | Noticed an angel
  3017 | D:4      | Reached XP level 6. HP: 54/56 MP: 6/6
  3260 | D:4      | Reached skill level 6 in Unarmed Combat
  3349 | D:4      | Found a staircase to the Ecumenical Temple.
  3370 | Temple   | Entered the Ecumenical Temple
  3383 | Temple   | Became a worshipper of Cheibriados the Contemplative
  3650 | D:5      | Entered Level 5 of the Dungeon
  3822 | D:5      | Noticed Sigmund
  3847 | D:5      | Slain by Sigmund

Action                   |  1- 3 |  4- 6 || total
-------------------------+-------+-------++-------
Melee: Unarmed           |    40 |   223 ||   263
Throw: Dart              |    14 |    54 ||    68
 Abil: Spit Poison       |    29 |    66 ||    95
Evoke: Wand              |       |     2 ||     2
  Use: Potion            |       |     1 ||     1
